 Dungeon Crawl Stone Soup version 0.29-a0-789-g7a8fcbc185 (webtiles) character file.

Game seed: 13892102666706156441

66 drugrobin the Chopper (level 3, 0/30 HPs)
             Began as a Demigod Fighter on July 2, 2022.
             Slain by Sigmund
             ... wielding a +0 scythe
              (6 damage)
             ... on level 3 of the Dungeon on July 3, 2022.
             The game lasted 00:05:46 (1964 turns).

drugrobin the Chopper (Demigod Fighter)             Turns: 1964, Time: 00:05:47

Health: 0/30       AC:  7    Str: 21    XL:     3   Next: 69%
Magic:  5/5        EV:  9    Int: 10    God:
Gold:   176        SH:  4    Dex: 13    Spells: 2/2 levels left

rFire   . . .      SeeInvis .   a - +0 war axe
rCold   . . .      Faith    .   c - +0 buckler
rNeg    . . .      Spirit   .   b - +1 scale mail
rPois   .          Reflect  .   (no helmet)
rElec   .          Harm     .   (no cloak)
rCorr   .          Rampage  .   (no gloves)
Will    .....                   (no boots)
Stlth   ..........              (no amulet)
HPRegen 0.10/turn               (no ring)
MPRegen 0.09/turn               (no ring)

@: no status effects
A: high MP 1, forlorn, divine attributes
a: no special abilities


You were on level 3 of the Dungeon.
You visited 1 branch of the dungeon, and saw 4 of its levels.

You collected 176 gold pieces.

Inventory:

Hand Weapons
 a - a +0 war axe (weapon)
Missiles
 f - 3 datura-tipped darts (quivered)
 o - 6 poisoned darts
Armour
 b - a +1 scale mail (worn)
 c - a +0 buckler (worn)
Jewellery
 t - a ring of willpower
 u - a ring of magical power
Scrolls
 e - a scroll of enchant weapon {unknown}
 h - 3 scrolls of identify
 r - a scroll of fog {unknown}
 s - 2 scrolls of amnesia
 v - a scroll of immolation {unknown}
Potions
 d - a potion of might
 g - a potion of mutation {unknown}
 j - a potion of curing {unknown}
 l - a potion of flight {unknown}
 n - a potion of brilliance {unknown}
 q - a potion of invisibility


   Skills:
 - Level 2.6 Fighting
 + Level 3.9 Axes
 - Level 2.6 Armour
 - Level 2.6 Shields


You had 2 spell levels left.
You didn't know any spells.
Your spell library was empty.

Dungeon Overview and Level Annotations

Branches:
Dungeon (4/15)
 Temple: D:4-7

Annotations:
D:2 1 runed translucent door, Crazy Yiuf
D:3 Sigmund


Innate Abilities, Weirdness & Mutations

You have an increased reservoir of magic. (+10% MP)
You shall have no god before yourself.
Your divine heritage dramatically boosts your attributes as you level up.


Message History

The jackal is heavily wounded.
Sigmund shouts!
The jackal barely misses you. The jackal completely misses you.
The jackal attacks as you move away! The jackal closely misses you.
The jackal bites you but does no damage.
You hit the jackal but do no damage.
The jackal is moderately wounded.
You block the jackal's attack. The jackal completely misses you.
Sigmund says, "You will soon forget everything."
The jackal bites you but does no damage.
The orc hits you with a +0 club.
You closely miss the orc. You closely miss the jackal. The jackal bites you.
You block the jackal's attack.
Sigmund casts a spell.
Sigmund flickers and vanishes!
The orc hits you but does no damage.
Unknown command.
Unknown command.
You barely miss the orc. You closely miss the jackal.
The jackal bites you but does no damage.
Something hits you. The orc hits you but does no damage.
The jackal bites you but does no damage.
The orc barely misses you.
Unknown command.
Unknown command.
You barely miss the orc. You closely miss the jackal.
You block the jackal's attack. Something hits you. The jackal bites you.
* * * LOW HITPOINT WARNING * * *
The orc hits you with a +0 club.
* * * LOW HITPOINT WARNING * * *
Unknown command.
Unknown command.
Unknown command.
Unknown command.
You hit the orc.
The orc is almost dead.
You slash the jackal!
You kill the jackal!
Something hits you.
You die...

..........##### *.h,*,,*
.........?...>### *.#,,,,*
.......$?.###...###.#,,_,*
..........# ###.#...#,,,,*
...>......#
#@b..####,,**** ***
#####..####
###..)..#***,,* *,, #.##
#..##### **,***,, #.# #o##
*,,,*,, #.# #####@#
***,*** #.######..{..#
*,,,, ####........#####
***** #.....####### *
#.....# #.....# #######


You could see an orc.

Vanquished Creatures
  An adder (D:2)
  4 dart slugs
  2 ball pythons
  An endoplasm (D:3)
  5 giant cockroaches
  6 goblins
  3 hobgoblins
  4 jackals
  3 quokkas (D:1)
  4 bats
  4 frilled lizards
  5 kobolds
  4 rats (D:1)
46 creatures vanquished.

Vanquished Creatures (others)
  2 fungi (D:1)
2 creatures vanquished.

Grand Total: 48 creatures vanquished

Notes
Turn   | Place    | Note
-------+----------+-------------------------------------------
     0 | D:1      | drugrobin the Demigod Fighter began the quest for the Orb.
     0 | D:1      | Reached XP level 1. HP: 18/18 MP: 3/3
    26 | D:1      | Reached skill level 2 in Axes
   345 | D:1      | Reached XP level 2. HP: 25/25 MP: 4/4
   453 | D:1      | Reached skill level 3 in Axes
   612 | D:1      | Reached XP level 3. HP: 30/30 MP: 5/5
  1090 | D:2      | Found a runed translucent door.
  1091 | D:2      | Noticed Crazy Yiuf
  1621 | D:3      | Noticed a black bear
  1635 | D:3      | Noticed Sigmund
  1718 | D:4      | Noticed a necrophage
  1788 | D:3      | HP: 1/30 [black bear (4)]
  1964 | D:3      | Slain by Sigmund

Illustrated notes

Levels and vault maps discovered:
D:1:      lightli_arrival_noodles, layout_loops_ring,
          shapermc_ecumenical_altar_mp_urbaneastern
D:2:      layout_basic, uniq_crazy_yiuf_cottage
D:3:      layout_rooms, slow_altar_1, mainiacjoe_overflow_alcove_1,
          uniq_natasha, uniq_sigmund
D:4:      layout_cave_pools, mainiacjoe_overflow_tiny_flanked,
          mainiacjoe_overflow_small_starburst, uniq_duvessa

Skill      XL: |  1  2 |
---------------+-------+-----
Axes           | 2 3 |  3.9
Fighting       | |  2.6
Armour         | |  2.6
Shields        | |  2.6

Action                   || total
-------------------------++-------
Melee: War axe           ||   116
  Use: Scroll            ||     5
       Potion            ||     2
Armor: Scale mail        ||    72
Dodge: Dodged            ||    75
Block: Buckler           ||    44

Table legend: (Time is in decaauts)
 A = Elapsed time spent in this place.
 B = Non-inter-level travel time spent in this place.
 C = Inter-level travel time spent in this place.
 D = Time resting spent in this place.
 E = Time spent auto-exploring this place.
 F = Levels seen in this place.
 G = Mean time per level.
                   A        B        C        D        E       F      G
               +--------+--------+--------+--------+--------+-----+--------+
         Total |   2018 |   1962 |     56 |    338 |   1105 |   4 |  504.5 |
       Dungeon |   2018 |   1962 |     56 |    338 |   1105 |   4 |  504.5 |
               +--------+--------+--------+--------+--------+-----+--------+

Top non-repeatable levels by time:
     D:1: 950 daAuts
     D:2: 689 daAuts
     D:3: 278 daAuts
     D:4: 100 daAuts
